 Dungeon Crawl Stone Soup version 0.26-a0-670-g578ab304f5 (webtiles) character file.

Game seed: 12531804346588277881

79 Kinoniko the Slasher (level 4, -2/49 HPs)
             Began as a Vampire Gladiator on Oct 19, 2020.
             Slain by a wight
             ... wielding a +4 trident
              (3 damage)
             ... on level 2 of the Dungeon.
             The game lasted 00:01:57 (1047 turns).

Kinoniko the Slasher (Vampire Gladiator)            Turns: 1047, Time: 00:01:58

Health: -2/49      AC:  4    Str: 14    XL:     4   Next: 16%
Magic:  4/4        EV: 16    Int: 10    God:
Gold:   95         SH:  0    Dex: 15    Spells: 3/3 levels left

rFire    . . .     SeeInvis +   a - +0 long sword
rCold    . . .     Faith    .   (no shield)
rNeg     . . .     Spirit   .   b - +0 leather armour
rPois    .         Reflect  .   c - +0 helmet
rElec    .         Harm     .   g - scarf {shadows}
rCorr    .         Rampage  .   (no gloves)
MR       .....                  (no boots)
Stlth    ..........             (no amulet)
HPRegen  0.36/turn              k - +4 ring of evasion
MPRegen  0.09/turn              (no ring)

@: berserking, regenerating quickly, drained, very quick
A: fangs 3, see invisible, unbreathing
a: Exsanguinate


You were on level 2 of the Dungeon.
You visited 1 branch of the dungeon, and saw 2 of its levels.

You collected 95 gold pieces.

Inventory:

Hand Weapons
 a - a +0 long sword (weapon)
Missiles
 d - 3 throwing nets (quivered)
Armour
 b - a +0 leather armour (worn)
 c - a +0 helmet (worn)
 g - a scarf of shadows (worn)
Jewellery
 k - a +4 ring of evasion (left hand)
Scrolls
 f - a scroll of enchant weapon {unknown}
Potions
 i - a potion of degeneration {unknown}
 j - a potion of stabbing {unknown}


   Skills:
 - Level 1.7(0.9) Fighting
 + Level 5.0(4.1) Long Blades
 - Level 1.5(0.7) Throwing
 - Level 3.2(2.3) Dodging


You had 3 spell levels left.
You didn't know any spells.
Your spell library was empty.

Dungeon Overview and Level Annotations

Branches:
Dungeon (2/15)

Altars:


Innate Abilities, Weirdness & Mutations

Your natural rate of healing is unusually fast.
You have razor-sharp teeth.
You have supernaturally acute eyesight. (SInv)
You can survive without breathing.


Message History

You are too injured to fight recklessly!
You are too injured to fight recklessly!
Unknown command.
You are too injured to fight recklessly!
You are too injured to fight recklessly!
You hit the wight.
The wight is moderately damaged.
The wight barely misses you. The wight closely misses you.
The wight completely misses you. The wight hits you with a +4 trident.
* * * LOW HITPOINT WARNING * * *
You slash the wight!
The wight is almost destroyed.
The wight completely misses you.
You closely miss the wight. Your bite misses the wight.
The wight is almost destroyed.
The wight closely misses you.
The wight hits you with a +2 morningstar!
* * * LOW HITPOINT WARNING * * *
The wight hits you with a +4 trident.
You die...

##.. ##)..##
#.....# #.)...#
### #....# ##..#
#.?.## #.[..#
#..>#
.....z##.#.#
....zz@).#.#
....gz####.#
.....# #.# .....
#.# .... #.# #..
..!. #.# #.# ###
#.#
#.############.#
#.##...........#


You could see 4 wights and a goblin.

Vanquished Creatures
  A wight (D:2)
  An adder (D:2)
  A gnoll (D:1)
  A ball python (D:1)
  2 bats
  2 hobgoblins (D:1)
  4 jackals (D:2)
  A kobold (D:1)
  5 goblins (D:1)
  2 rats (D:1)
20 creatures vanquished.

Notes
Turn   | Place    | Note
-------+----------+-------------------------------------------
     0 | D:1      | Kinoniko the Vampire Gladiator began the quest for the Orb.
     0 | D:1      | Reached XP level 1. HP: 16/16 MP: 1/1
    13 | D:1      | Reached XP level 2. HP: 17/22 MP: 2/2
   449 | D:1      | Reached skill level 4 in Long Blades
   929 | D:2      | Reached XP level 3. HP: 24/27 MP: 3/3
  1010 | D:2      | Reached skill level 5 in Long Blades
  1010 | D:2      | Reached XP level 4. HP: 24/33 MP: 4/4
  1047 | D:2      | HP: 1/49 [wight/+2 morningstar (11)]
  1047 | D:2      | Slain by a wight

Illustrated notes

Levels and vault maps discovered:
D:1:      minmay_arrival_glassed_features, layout_basic, minmay_misc_feat_iff
D:2:      layout_basic, minitemple, lemuel_round_altar,
          corexii_leaking_fountain, chequers_serial_rivers_small_a,
          minivault_19, grunt_decor_fettered

Skill      XL: |  1  2  3 |
---------------+----------+-----
Long Blades    | 4 5 |  5.0
Fighting       | |  1.7
Throwing       | |  1.5
Dodging        | |  3.2

Action                   |  1- 3 |  4- 6 || total
-------------------------+-------+-------++-------
Melee: Long sword        |    49 |     6 ||    55
       Bite              |     5 |       ||     5
  Use: Scroll            |     1 |       ||     1
       Potion            |       |     1 ||     1
Armor: Leather armour    |    10 |     1 ||    11
Dodge: Dodged            |    33 |     9 ||    42
       Rpst.: Long sword |     8 |       ||     8

Table legend: (Time is in decaauts)
 A = Elapsed time spent in this place.
 B = Non-inter-level travel time spent in this place.
 C = Inter-level travel time spent in this place.
 D = Time resting spent in this place.
 E = Time spent auto-exploring this place.
 F = Levels seen in this place.
 G = Mean time per level.
                   A        B        C        D        E       F      G
               +--------+--------+--------+--------+--------+-----+--------+
         Total |   1055 |   1021 |     34 |     61 |    792 |   2 |  527.5 |
       Dungeon |   1055 |   1021 |     34 |     61 |    792 |   2 |  527.5 |
               +--------+--------+--------+--------+--------+-----+--------+

Top non-repeatable levels by time:
     D:1: 912 daAuts
     D:2: 142 daAuts
